 Dungeon Crawl Stone Soup version 0.30-a0-743-gbfdf073431 (webtiles) character file.

Game seed: 9917490779965810187

21 CrazyBamboolord the Shield-Bearer (level 2, -5/16 HPs)
             Began as a Vine Stalker Fighter on Feb 5, 2023.
             Slain by Terence
             ... wielding a +0 trident
              (8 damage)
             ... on level 2 of the Dungeon.
             The game lasted 00:01:25 (633 turns).

CrazyBamboolord the Shield-Bearer (VSFi)             Turns: 633, Time: 00:01:25

Health: -5/16      AC:  6    Str: 18    XL:     2   Next: 87%
Magic:  0/3        EV:  9    Int:  8    God:
Gold:   65         SH:  5    Dex: 19    Spells: 1/1 levels left

rFire   . . .      SeeInvis .    a - +0 war axe
rCold   . . .      Faith    .    c - +0 buckler
rNeg    . . .      Spirit   +    b - +0 scale mail
rPois   .          Reflect  .    (no helmet)
rElec   .          Harm     .    (no cloak)
rCorr   .          Rampage  .    (no gloves)
Will    .....                    (no boots) Stlth
                                 (no amulet)
HPRegen 0.22/turn                f - +6 ring of dexterity
MPRegen 0.08/turn                (no ring)

@: no status effects
A: fangs 2, magic shield, antimagic bite, no potion heal 2
a: no special abilities


You were on level 2 of the Dungeon.
You visited 1 branch of the dungeon, and saw 2 of its levels.

You collected 65 gold pieces.

Inventory:

Hand Weapons
 a - a +0 war axe (weapon)
Armour
 b - a +0 scale mail (worn)
 c - a +0 buckler (worn)
Jewellery
 f - a +6 ring of dexterity (left hand)
Scrolls
 g - a scroll of identify {unknown}
 h - a scroll of silence {unknown}
 i - 2 scrolls of summoning
Potions
 d - 3 potions of might
 e - a potion of degeneration {unknown}


   Skills:
 * Level 3.0 Fighting
 * Level 1.9 Axes
 * Level 2.7 Armour
 * Level 3.0 Shields


You had one spell level left.
You didn't know any spells.
Your spell library was empty.

Dungeon Overview and Level Annotations

Branches:
Dungeon (2/15)

Altars:

Annotations:
D:2 Terence


Innate Abilities, Weirdness & Mutations

You have extremely sharp teeth.
When hurt, damage is shared between your health and your magic reserves.
Your bite disrupts and absorbs the magic of your enemies.
Potions cannot restore your health.


Message History

A rat is nearby!
The rat bites you but does no damage.
You slash the rat!
You kill the rat!
No target in view!
No target in view!
You now have 65 gold pieces (gained 8).
Terence the Incautious comes into view.
He is wielding a +0 trident.
Terence shouts!
Terence is nearby!
Terence is nearby!
A rat comes into view.
Found 6 gold pieces.
Found a leather armour.
Terence hits you with a +0 trident.
A quokka comes into view.
You barely miss Terence. Terence hits you with a +0 trident.
You block the rat's attack. Terence closely misses you.
You are too injured to fight recklessly!
You are too injured to fight recklessly!
You are too injured to fight recklessly!
You hit the rat.
You kill the rat!
You slash Terence! Terence hits you with a +0 trident.
* * * LOW HITPOINT WARNING * * *
Terence hits you but does no damage.
You see here a rat corpse.
You are too injured to fight recklessly!
You hit Terence.
Terence is heavily wounded.
You hit the quokka. You block Terence's attack. The quokka barely misses you.
Terence says, "You're history."
Terence hits you with a +0 trident.
* * * LOW HITPOINT WARNING * * *
You closely miss Terence.
Terence is heavily wounded.
You miss the quokka. You block the quokka's attack.
Terence hits you with a +0 trident!
Ouch! That really hurt!
You die...

.....#.#.#..
....#.#.[. #......$.
. ####### ##.......#
.. ....... ........#
... ...########
#......#....
...###....#
#....r......
....##..[.# #...@@..#
..........# ##......#
#####.....####......#
#...............#
##..............#
#....##..........
#....##†......##..
.......##.......# ##.
...........##.####


You could see Terence and a quokka.

Vanquished Creatures
  3 endoplasms (D:1)
  3 goblins (D:1)
  4 hobgoblins
  2 ball pythons (D:1)
  2 bats (D:1)
  5 rats
19 creatures vanquished.

Notes
Turn   | Place    | Note
-------+----------+-------------------------------------------
     0 | D:1      | CrazyBamboolord the Vine Stalker Fighter began the quest
                  | for the Orb.
     0 | D:1      | Reached XP level 1. HP: 11/11 MP: 2/2
     6 | D:1      | Noticed a six-headed hydra
     6 | D:1      | Noticed a snapping turtle
     6 | D:1      | Noticed a polar bear
     6 | D:1      | Noticed a black mamba
     6 | D:1      | Noticed a swamp worm
   292 | D:1      | Reached XP level 2. HP: 16/16 MP: 3/3
   625 | D:2      | Noticed Terence
   633 | D:2      | Slain by Terence

Illustrated notes

Levels and vault maps discovered:
D:1:      onia_arrival_zoo_common, layout_basic
D:2:      layout_rooms, uniq_terence

Skill      XL: |  1  2 |
---------------+-------+-----
Shields        | 3 |  3.0
Fighting       | 3 |  3.0
Axes           | |  1.9
Armour         | |  2.7

Action                     || total
---------------------------++-------
  Melee: War axe           ||    47
         Bite              ||     7
    Use: Scroll            ||     1
 Armour: Scale mail        ||    18
  Dodge: Dodged            ||    20
  Block: Buckler           ||    13

Table legend: (Time is in decaauts)
 A = Elapsed time spent in this place.
 B = Non-inter-level travel time spent in this place.
 C = Inter-level travel time spent in this place.
 D = Time resting spent in this place.
 E = Time spent auto-exploring this place.
 F = Levels seen in this place.
 G = Mean time per level.
                   A        B        C        D        E       F      G
               +--------+--------+--------+--------+--------+-----+--------+
         Total |    653 |    647 |      6 |      0 |    510 |   2 |  326.5 |
       Dungeon |    653 |    647 |      6 |      0 |    510 |   2 |  326.5 |
               +--------+--------+--------+--------+--------+-----+--------+

Top non-repeatable levels by time:
     D:1: 599 daAuts
     D:2: 54 daAuts
